 Dungeon Sprint DCSS version 0.21.0-24-g2553a33 (webtiles) character file.

237317 wojtek the Axe Maniac (level 17, 0/171 HPs)
             Began as a Minotaur Berserker on Jan 21, 2018.
             Was an Elder of Trog.
             Slain by Pagiudar the pandemonium lord (25 damage)
             ... in the Dungeon (Sprint III: "The Ten Rune Challenge").
             The game lasted 01:04:49 (15879 turns).

wojtek the Axe Maniac (Minotaur Berserker)         Turns: 15879, Time: 01:04:49

Health: 0/171      AC: 29    Str: 28    XL:     17   Next: 42%
Magic:  34/34      EV: 20    Int:  6    God:    Trog [****..]
Gold:   1999       SH:  0    Dex: 10    Spells: 16/16 levels left

rFire    + + +     SeeInvis .   U - +12 executioner's axe "Beqibatwa" {drain, rF+}
rCold    + + +     Gourm    +   (shield currently unavailable)
rNeg     . . .     Faith    .   E - +2 plate armour {rF+}
rPois    +         Spirit   .   (helmet unavailable)
rElec    +         Reflect  .   g - +4 dragonskin cloak
rCorr    .         Harm     .   W - +0 pair of gloves of the Aged Coins {rPois Dex+3 Slay+3 Stlth+}
MR       +....     NoTele   +   m - +0 pair of boots {Stlth+}
Stlth    ..........             G - amulet "Vicubobb" {Gourm Fragile rElec rC++ Int+2}
HPRegen  0.38/turn              x - ring of flight
MPRegen  0.24/turn              X - ring of protection from fire

@: very heavily contaminated, glowing, drained
A: retaliatory headbutt, horns 3, clumsy 2, cold resistance 1, deformed body,
deterioration 1, frail 1, high mp 2, MP-powered wands
0: Orb of Zot
}: 4/10 runes: decaying, serpentine, silver, golden
a: Berserk, Trog's Hand, Brothers in Arms, Burn Spellbooks, Renounce Religion,
Evoke Flight


You were in the Dungeon.
You worshipped Trog.
Trog was greatly pleased with you.
You were near starving.

You visited 1 branch You collected 4346 gold pieces.
You spent 2347 gold pieces at shops.

Inventory:

Hand Weapons
 t - the +5 broad axe "Jycloeb" {freeze, -Tele rPois MR++}
   (Trog gifted it to you in the Dungeon)

   It has been specially enchanted to freeze those struck by it, causing extra
   injury to most foes and up to half again as much damage against particularly
   susceptible opponents.
   It can also slow down cold-blooded creatures.
   It protects you from poison.
   It affects your resistance to hostile enchantments.
   It prevents most forms of teleportation.
 u - a +2 executioner's axe of chopping
 y - a +2 antimagic executioner's axe
 H - a +6 battleaxe of venom
 R - a +6 antimagic battleaxe
 U - the +12 executioner's axe "Beqibatwa" (weapon) {drain, rF+}
   (Trog gifted it to you in the Dungeon)

   A truly terrible weapon, it drains the life of those it strikes.
   It protects you from fire.
 V - a +8 battleaxe of holy wrath
Missiles
 d - 4 throwing nets (quivered)
Armour
 g - the +4 dragonskin cloak (worn)
   (You took it off Tiamat in the Dungeon)
 m - a +0 pair of boots of stealth (worn)
 D - a +2 hat of magic resistance
 E - a +2 plate armour of fire resistance (worn)
 J - the +1 plate armour "Siojeuvil" {Regen+}
   (You acquired it in the Dungeon)

   It increases your rate of regeneration.
 L - a +0 chain mail of cold resistance
 S - the +0 shield of Prudence {Dex+6}
   (You acquired it in the Dungeon)

   It affects your dexterity (+6).
 T - +4 fire dragon scales {Xtahua}
 W - the +0 pair of gloves of the Aged Coins (worn) {rPois Dex+3 Slay+3 Stlth+}
   (You bought it in a shop in the Dungeon)

   It affects your dexterity (+3).
   It affects your accuracy and damage with ranged weapons and melee attacks
   (+3).
   It protects you from poison.
   It makes you more stealthy.
 Y - a +2 cloak of invisibility
Jewellery
 x - a ring of flight (left hand)
 F - an uncursed ring of poison resistance
 G - the amulet "Vicubobb" (around neck) {Gourm Fragile rElec rC++ Int+2}
   (You acquired it in the Dungeon)

   [amulet of the gourmand]

   It allows you to eat raw meat even when not hungry.
   It affects your intelligence (+2).
   It greatly protects you from cold.
   It insulates you from electricity.
   It will be destroyed if unequipped.
 N - the ring "Buovve" {rC- MR+ Str+3}
   (You found it in the Dungeon)

   [ring of protection from magic]

   It affects your strength (+3).
   It makes you vulnerable to cold.
   It affects your resistance to hostile enchantments.
 O - the ring "Ifing" {Fire rN+}
   (You bought it in a shop in the Dungeon)

   [ring of fire]

   It enhances your fire magic.
   It protects you from fire.
   It makes you vulnerable to cold.
   It protects you from negative energy.
 X - a ring of protection from fire (right hand)
Wands
 s - a wand of scattershot (5)
 z - a wand of iceblast (9)
 B - a wand of digging (23)
 Q - a wand of acid (3)
Scrolls
 i - 2 scrolls of blinking
 j - a scroll of fog
 k - a scroll of holy word
 o - a scroll of immolation {unknown}
 p - 3 scrolls of remove curse
 w - 3 scrolls of fear
 K - 2 scrolls of enchant armour
Potions
 b - 2 potions of mutation
 f - a potion of haste
 h - a potion of berserk rage
 n - 6 potions of flight
 r - 2 potions of might
 v - a potion of invisibility
 A - 6 potions of curing
 C - a potion of lignification
 I - a potion of ambrosia
 Z - 2 potions of agility
Miscellaneous
 q - 2 boxes of beasts
 M - a lightning rod (4/4)
 P - a lightning rod (4/4)
Comestibles
 c - 5 rations


   Skills:
 O Level 27(26.8) Fighting
 O Level 27(26.8) Axes
 O Level 27(26.8) Armour
 O Level 27(26.8) Dodging
 + Level 21.0(20.9) Shields
 + Level 17.0(16.9) Evocations


You had 16 spell levels left.
You didn't know any spells.

Dungeon Overview and Level Annotations

Branches:
Dungeon (1/1)

Altars:
Cheibriados
Dithmenos
Elyvilon
Fedhas
Gozag
Hepliaklqana
Kikubaaqudgha
Makhleb
Nemelex Xobeh
Okawaru
Qazlal
Ru
Sif Muna
Trog
Uskayaw
Vehumet
Wu Jian
Xom
Yredelemnul
Zin
The Shining One
Beogh
Jiyva
Lugonu

Shops:
D :?[?:%[[}}}}:%(%?[??=!}*


Innate Abilities, Weirdness & Mutations

You reflexively headbutt those who attack you in melee.
You have a pair of large horns on your head.
You are very clumsy. (Dex -4)
Your flesh is cold resistant. (rC+)
Armour fits poorly on your strangely shaped body.
Your body sometimes deteriorates upon taking damage.
You are frail. (-10% HP)
You have a considerably increased reservoir of magic. (+20% MP)
You expend magic power (3 MP) to strengthen your wands.


Message History

The neqoxec dies!
Trog accepts your kill.
You can now call in reinforcements.
Your base Evocations skill increases to level 17!
There is an open door, spattered with blood here.
Items here: ( )))) [[[ Puasma completely misses your polar bear.
Your polar bear bites Puasma but does no damage.
Your polar bear claws Puasma but does no damage.
Your polar bear closely misses Puasma.
Things that are here:
a shield; a long sword of slicing; 2 bolts Puasma hits something!!
Something hits you but does no damage.
You see here an arrow.
You fail to use your ability.
Something hits you but does no damage.
You hear an angry growl.
The soul eater draws from the surrounding life force!
* * * LOW HITPOINT WARNING * * *
Your polar bear is heavily wounded.
The soul eater is healed.
Something hits you!!
You die...

########(#..'∩∩#.≈≈.#..##
#...# ##.####∩∩#.≈≈.#####
#...###...###).#..≈.#..'≈
+...'......)'..(..≈≈'..#≈
#...###...###..#≈≈≈.#..#.
#...# ##.##∩#..#....#..#.
########.#..#..####'#####
#......#)#'##..#.#.#.#.#.
#......#@'..'..'#.#.#.#.#
#......#[####..#.#.#.#.#)
#......h(#.########▓▓▓▓▓▓
#....h3###.#§§.....▓....'
#.###.D#...#)w§w...▓....▓
#.#^#.X'...'§[§*§..'....▓
#.###..#.((#.......▓....▓
#......###'#.......▓....▓
########...########▓....▓


You could see a golden dragon, a soul eater and a friendly polar bear (berserk).

Vanquished Creatures
  Tiamat (D)
  An ancient lich (D)
  An orb of fire (D)
  Mennas (D)
  Mara (D)
  A greater mummy (D)
  Xtahua (D)
  A Killer Klown (D)
  Sigmund (D)
  A golden dragon (D)
  Nikola (D)
  Rupert (D)
  2 Orb Guardians (D)
  2 liches (D)
  A titan (D)
  2 quicksilver dragons (D)
  A deep elf blademaster (D)
  A storm dragon (D)
  4 shadow dragons (D)
  Gastronok (D)
  Chuck (D)
  A fire giant (D)
  Roxanne (D)
  2 frost giants (D)
  A ghost moth (D)
  A draconian knight (D)
  An emperor scorpion (shapeshifter) (D)
  A stone giant (D)
  2 vampire knights (D)
  A yellow draconian (D)
  8 mummy priests (D)
  5 fire dragons (D)
  Erolcha (D)
  A yaktaur captain (D)
  16 vault guards (D)
  A naga warrior (D)
  2 anacondas (D)
  3 hydras (D)
  2 centaur warriors (D)
  3 hell beasts (D)
  4 dancing weapons (D)
  An ogre mage (D)
  4 death yaks (D)
  Urug (D)
  4 hell knights (D)
  2 sun demons (D)
  An iron golem (D)
  6 skeletal warriors (D)
  2 soul eaters (D)
  A death drake (shapeshifter) (D)
  A death drake (D)
  A spriggan druid (D)
  An obsidian statue (D)
  A lindwurm (D)
  A deep elf mage (D)
  6 ugly things (D)
  2 crystal guardians (D)
  A manticore (shapeshifter) (D)
  A shining eye (D)
  2 oklob plants (D)
  A moth of wrath (D)
  4 black mambas (D)
  An iron troll simulacrum (D)
  A molten gargoyle (D)
  A stone giant skeleton (D)
  6 statues (D)
  A guardian serpent (D)
  Edmund (D)
  2 spiny frogs (D)
  A rime drake (D)
  2 two-headed ogres (D)
  A komodo dragon (D)
  3 ice devils (D)
  An anaconda simulacrum (D)
  10 guardian mummies (D)
  2 spriggan defenders (D)
  2 hornets (D)
  2 tyrant leeches (D)
  8 blink frogs (D)
  An orc high priest (D)
  A hippogriff (shapeshifter) (D)
  9 slime creatures (D)
  3 wandering mushrooms (D)
  5 redbacks (D)
  A shadow (D)
  2 spriggans (D)
  A golden eye (D)
  A spatial vortex (D)
  2 nagas (D)
  2 hell hounds (D)
  2 hydra simulacra (D)
  5 water moccasins (D)
  2 floating eyes (D)
  A fire dragon simulacrum (D)
  A swamp drake (D)
  A necrophage (D)
  A tengu (shapeshifter) (D)
  A water elemental (D)
  A scorpion (D)
  21 killer bees (D)
  A jelly (D)
  2 orc priests (D)
  A wizard (D)
  2 orc wizards (D)
  2 necromancers (D)
  A polar bear simulacrum (D)
  A kobold demonologist (D)
  3 humans (D)
  9 adders (D)
  A shadow imp (D)
  2 oozes (D)
  A ball lightning (D)
  An orc (D)
  2 rats (D)
  2 bushes (D)
  4 butterflies (D)
  3 plants (D)
275 creatures vanquished.

Vanquished Creatures (collateral kills)
  Sojobo (D)
  A greater mummy (D)
  An Executioner (D)
  2 sphinxes (D)
  A storm dragon (D)
  A nagaraja (D)
  A draconian knight (D)
  2 draconian stormcallers (D)
  2 dire elephants (D)
  2 mummy priests (D)
  An orc high priest (D)
  A deep elf knight (D)
  A shadow wraith (D)
  An obsidian statue (D)
  2 orc knights (D)
  2 crystal guardians (D)
  2 elephants (D)
  3 statues (D)
  6 guardian mummies (D)
  A queen bee (D)
  A spriggan defender (D)
  A neqoxec (D)
  An orc warrior (D)
  3 two-headed ogres (D)
  11 killer bees (D)
  4 orc priests (D)
  3 orc wizards (D)
  7 orcs (D)
  A butterfly (D)
  3 plants (D)
69 creatures vanquished.

Vanquished Creatures (others)
  2 draconian scorchers (D)
  A draconian shifter (D)
  A draconian stormcaller (D)
  Nessos (D)
  A glowing orange brain (D)
  6 hellions (D)
  A guardian mummy (D)
  3 yaktaurs (D)
  A spriggan defender (D)
  A hornet (D)
  An electric eel (D)
  5 ball lightnings (D)
  2 ballistomycetes (D)
  2 ballistomycete spores (D)
  A bush (D)
  46 plants (D)
75 creatures vanquished.

Grand Total: 419 creatures vanquished

Notes
Turn   | Place    | Note
-------+----------+-------------------------------------------
     0 | D        | wojtek the Minotaur Berserker began the quest for the Orb.
     0 | D        | Reached XP level 1. HP: 19/19 MP: 0/0
     6 | D        | Reached XP level 2. HP: 24/27 MP: 1/1
    50 | D        | Reached ** piety under Trog
    87 | D        | Reached skill level 5 in Axes
    87 | D        | Reached XP level 3. HP: 7/35 MP: 2/2
    88 | D        | Killed a hellion
    90 | D        | Killed a hellion
    91 | D        | Killed a hellion
    92 | D        | Killed a hellion
   125 | D        | Killed a hellion
   140 | D        | Killed a hellion
   157 | D        | Killed a yaktaur
   166 | D        | Killed a white draconian scorcher
   284 | D        | Killed a white draconian scorcher
   342 | D        | Noticed a scorpion
   363 | D        | Killed a scorpion
   363 | D        | Reached skill level 5 in Fighting
   363 | D        | Reached skill level 5 in Armour
   363 | D        | Reached XP level 4. HP: 28/44 MP: 3/3
   388 | D        | Killed a yaktaur
   467 | D        | Noticed a water elemental
   471 | D        | Killed a water elemental
   471 | D        | Reached *** piety under Trog
   471 | D        | Reached skill level 5 in Dodging
   471 | D        | Reached XP level 5. HP: 51/51 MP: 4/4
   513 | D        | Found a radiant altar of Vehumet.
   513 | D        | Found a deep blue altar of Sif Muna.
   513 | D        | Found an ancient bone altar of Kikubaaqudgha.
   522 | D        | Reached **** piety under Trog
   583 | D        | Found a glowing silver altar of Zin.
   584 | D        | Found a glowing golden altar of the Shining One.
   584 | D        | Found a white marble altar of Elyvilon.
   584 | D        | Noticed a deep elf mage
   590 | D        | Noticed a fire elemental
   590 | D        | Killed a deep elf mage
   590 | D        | Reached ***** piety under Trog
   590 | D        | Reached XP level 6. HP: 35/63 MP: 5/5
   590 | D        | Reached XP level 7. HP: 39/70 MP: 6/6
   717 | D        | Found a hide-covered altar of Uskayaw.
   717 | D        | Found a roughly hewn altar of Beogh.
   717 | D        | Found an iron altar of Okawaru.
   717 | D        | Found a bloodstained altar of Trog.
   717 | D        | Found an ornate altar of the Wu Jian Council.
   717 | D        | Noticed a human
   717 | D        | Noticed a human
   722 | D        | Killed a human
   730 | D        | Killed a human
   794 | D        | Found a basalt altar of Yredelemnul.
   794 | D        | Found a shadowy altar of Dithmenos.
   794 | D        | Found a sacrificial altar of Ru.
   801 | D        | Reached skill level 10 in Fighting
   803 | D        | Received a gift from Trog
   803 | D        | Reached XP level 8. HP: 79/79 MP: 7/7
   866 | D        | Reached skill level 10 in Armour
   898 | D        | Found a blossoming altar of Fedhas.
   898 | D        | Found a stormy altar of Qazlal.
   898 | D        | Found a snail-covered altar of Cheibriados.
   898 | D        | Found a burning altar of Makhleb.
   898 | D        | Found a shimmering altar of Xom.
   899 | D        | Found a hazy altar of Hepliaklqana.
   899 | D        | Found an opulent altar of Gozag.
   899 | D        | Found a sparkling altar of Nemelex Xobeh.
   899 | D        | Found a corrupted altar of Lugonu.
   899 | D        | Found a viscous altar of Jiyva.
  1128 | D        | Noticed a two-headed ogre
  1135 | D        | Killed a two-headed ogre
  1205 | D        | Noticed a two-headed ogre
  1205 | D        | Noticed Erolcha
  1211 | D        | Killed Erolcha
  1211 | D        | Reached skill level 15 in Axes
  1211 | D        | Reached skill level 10 in Dodging
  1211 | D        | Reached XP level 9. HP: 90/90 MP: 8/8
  1215 | D        | Killed a two-headed ogre
  1276 | D        | Found Eshafy's Magic Scroll Boutique.
  1289 | D        | Noticed an orc high priest
  1289 | D        | Received a gift from Trog
  1290 | D        | Received a gift from Trog
  1297 | D        | Killed an orc high priest
  1297 | D        | Received a gift from Trog
  1405 | D        | Bought a scroll of remove curse for 36 gold pieces
  1405 | D        | Bought a scroll of fog for 24 gold pieces
  1405 | D        | Bought a scroll of identify for 24 gold pieces
  1405 | D        | Bought a scroll of fear for 42 gold pieces
  1435 | D        | Reached ****** piety under Trog
  1693 | D        | Received a gift from Trog
  1695 | D        | Noticed a queen bee
  1700 | D        | Received a gift from Trog
  1701 | D        | Got an ancient broad axe {god gift}
  1702 | D        | Killed a queen bee
  1704 | D        | Reached XP level 10. HP: 63/100 MP: 9/9
  1712 | D        | Received a gift from Trog
  1716 | D        | Identified the +5 broad axe "Jycloeb" {freeze, -Tele rPois MR++} (Trog gifted it to you in the Dungeon)
  1905 | D        | Received a gift from Trog
  1919 | D        | Received a gift from Trog
  2013 | D        | Received a gift from Trog
  2065 | D        | Noticed a spiny frog
  2065 | D        | Noticed a spiny frog
  2072 | D        | Killed a spiny frog
  2083 | D        | Killed a spiny frog
  2330 | D        | Received a gift from Trog
  2488 | D        | Noticed Rupert
  2498 | D        | Killed Rupert
  2498 | D        | Reached XP level 11. HP: 35/111 MP: 3/10
  2779 | D        | Noticed a dire elephant
  2783 | D        | Killed a dire elephant
  2785 | D        | Received a gift from Trog
  2788 | D        | Noticed a dire elephant
  2791 | D        | Killed a dire elephant
  2791 | D        | Reached skill level 15 in Fighting
  2798 | D        | Noticed an azure jelly
  2798 | D        | Noticed an azure jelly
  2798 | D        | Noticed an azure jelly
  2798 | D        | Noticed an azure jelly
  2802 | D        | Noticed Gastronok
  2807 | D        | Killed Gastronok
  2807 | D        | Reached skill level 15 in Armour
  2869 | D        | Noticed a death yak
  2870 | D        | Noticed a death yak
  2873 | D        | Noticed a death yak
  2878 | D        | Killed a death yak
  2879 | D        | Noticed a death yak
  2886 | D        | Killed a death yak
  2887 | D        | Received a gift from Trog
  2892 | D        | Killed a death yak
  2899 | D        | Killed a death yak
  3055 | D        | Reached XP level 12. HP: 116/122 MP: 11/11
  3056 | D        | Received a gift from Trog
  3080 | D        | Noticed an anaconda
  3087 | D        | Killed an anaconda
  3087 | D        | Reached skill level 15 in Dodging
  3160 | D        | Noticed an anaconda
  3172 | D        | Killed an anaconda
  3172 | D        | Received a gift from Trog
  3260 | D        | Noticed a naga warrior
  3260 | D        | Noticed a nagaraja
  3262 | D        | Found Yruda's Book Boutique.
  3262 | D        | Found Vieluu's Magic Scroll Emporium.
  3268 | D        | Killed a naga warrior
  3271 | D        | Killed a nagaraja
  3636 | D        | Found Neqirhad's Antique Armour Shop.
  3660 | D        | Got a serpentine rune of Zot
  3676 | D        | Bought an embroidered scarf for 216 gold pieces
  3758 | D        | Received a gift from Trog
  3881 | D        | Noticed Urug
  3886 | D        | Killed Urug
  3988 | D        | Noticed a five-headed hydra
  3988 | D        | Noticed a six-headed hydra
  3998 | D        | Killed a ten-headed hydra
  4000 | D        | Killed a seven-headed hydra
  4100 | D        | Received a gift from Trog
  4268 | D        | Found a blossoming altar of Fedhas.
  4268 | D        | Paralysed by a spriggan for 5 turns
  4277 | D        | Paralysed by a spriggan for 4 turns
  4319 | D        | Killed a ghost moth
  4319 | D        | Received a gift from Trog
  4707 | D        | Got a faintly glowing jade ring
  4955 | D        | Noticed a fire dragon
  4970 | D        | Killed a fire dragon
  4970 | D        | Received a gift from Trog
  5058 | D        | Noticed a fire dragon
  5130 | D        | Noticed a fire dragon
  5146 | D        | Killed a fire dragon
  5146 | D        | Reached XP level 13. HP: 114/134 MP: 12/12
  5216 | D        | Found Pujap's Book Emporium.
  5216 | D        | Found Acacop's Food Shop.
  5224 | D        | Killed a fire dragon
  5241 | D        | Noticed a fire dragon
  5242 | D        | Found Feomen's Antique Armour Shoppe.
  5252 | D        | Killed a fire dragon
  5312 | D        | Noticed Xtahua
  5325 | D        | Paralysed by Xtahua for 5 turns
  5333 | D        | Killed Xtahua
  5349 | D        | Got a decaying rune of Zot
  5439 | D        | Noticed Sigmund
  5439 | D        | Noticed Edmund
  5447 | D        | Killed Edmund
  5447 | D        | Received a gift from Trog
  5455 | D        | Killed Sigmund
  5678 | D        | Identified the ring "Buovve" {rC- MR+ Str+3} (You found it in the Dungeon)
  5708 | D        | Received a gift from Trog
  5711 | D        | Got an encrusted demon blade {god gift}
  5886 | D        | Received a gift from Trog
  5892 | D        | Noticed a mummy priest
  5904 | D        | Killed a mummy priest
  5950 | D        | Found Doniso's Gadget Shoppe.
  5950 | D        | Found Imediona's Gadget Shop.
  5950 | D        | Found Yfauc's Gadget Shop.
  5950 | D        | Found Kiorav's Gadget Emporium.
  6204 | D        | Received a gift from Trog
  6325 | D        | Found Erosapto's Armour Boutique.
  6340 | D        | Bought the +0 pair of gloves of the Aged Coins {rPois Dex+3 Slay+3 Stlth+} for 448 gold pieces
  6365 | D        | Bought a wand of iceblast (9) for 130 gold pieces
  6727 | D        | Noticed Roxanne
  6902 | D        | Killed Roxanne
  6903 | D        | Identified Roxanne's Volume of Clay (You took it off Roxanne in the Dungeon)
  6944 | D        | Noticed a green draconian knight
  6950 | D        | Noticed a white draconian knight
  6961 | D        | Killed a green draconian knight
  6965 | D        | Killed a white draconian knight
  6965 | D        | Received a gift from Trog
  7134 | D        | Bought a wand of digging (15) for 494 gold pieces
  7287 | D        | Noticed an Executioner
  7291 | D        | Killed an Executioner
  7291 | D        | Reached XP level 14. HP: 133/147 MP: 4/13
  7294 | D        | Noticed Nessos
  7303 | D        | Killed Nessos
  7728 | D        | Noticed Mara
  7729 | D        | Noticed a vampire knight
  7729 | D        | Noticed a vampire knight
  7731 | D        | Noticed wojtek's illusion
  8782 | D        | Noticed Mennas
  8825 | D        | Killed Mennas
  8825 | D        | Reached skill level 27 in Axes
  9526 | D        | Noticed a deep elf blademaster
  9532 | D        | Killed a deep elf blademaster
  9963 | D        | Noticed Nikola
  9963 | D        | Noticed a storm dragon
  9974 | D        | Killed a storm dragon
  9978 | D        | Killed Nikola
 10199 | D        | Killed a vampire knight
 10199 | D        | Received a gift from Trog
 10205 | D        | Killed a vampire knight
 10222 | D        | Noticed wojtek's illusion
 10229 | D        | Killed Mara
 10258 | D        | Received a gift from Trog
 10258 | D        | Reached XP level 15. HP: 146/162 MP: 4/14
 10359 | D        | Found Keewkod's Magic Scroll Shop.
 10359 | D        | Found Zazayclu's Assorted Antiques.
 10359 | D        | Found Poyhehos's Antique Armour Emporium.
 10359 | D        | Found Ichops's Food Boutique.
 10359 | D        | Found Ifonill's Magic Scroll Emporium.
 10359 | D        | Found Suukk's Gadget Shop.
 10359 | D        | Found Poum's Magic Scroll Boutique.
 10359 | D        | Found Maasea's Antique Weapon Shoppe.
 10359 | D        | Found Pidwaici's Distillery.
 10359 | D        | Found Coicysur's Food Shop.
 10359 | D        | Found Riec Bofia's Jewellery Boutique.
 10359 | D        | Found Coosk's Book Emporium.
 10383 | D        | Bought a scroll of blinking for 75 gold pieces
 10405 | D        | Bought a scroll of acquirement for 728 gold pieces
 10416 | D        | Bought a sparkling silver ring for 130 gold pieces
 10420 | D        | Identified the ring "Ifing" {Fire rN+} (You bought it in a shop in the Dungeon)
 10422 | D        | Identified the +10 demon blade of Anger {elec, Fragile rN+ Dex+3} (Trog gifted it to you in the Dungeon)
 10433 | D        | Got a slimy shield
 10440 | D        | Identified the +0 shield of Prudence {Dex+6} (You acquired it in the Dungeon)
 10563 | D        | Received a gift from Trog
 10868 | D        | Noticed Chuck
 10873 | D        | Received a gift from Trog
 11053 | D        | Noticed Sojobo
 11109 | D        | Killed Sojobo
 11434 | D        | Noticed a lich
 11441 | D        | Killed a lich
 11441 | D        | Received a gift from Trog
 11582 | D        | Noticed a shadow dragon
 11582 | D        | Noticed a shadow dragon
 11589 | D        | Killed a shadow dragon
 11589 | D        | Received a gift from Trog
 11594 | D        | Killed a shadow dragon
 11605 | D        | Got a fine executioner's axe {god gift}
 11607 | D        | Identified the +12 executioner's axe "Beqibatwa" {drain, rF+} (Trog gifted it to you in the Dungeon)
 11741 | D        | Noticed a quicksilver dragon
 11742 | D        | Noticed a frost giant
 11767 | D        | Killed a frost giant
 11776 | D        | Noticed a golden dragon
 11776 | D        | Received a gift from Trog
 11797 | D        | Killed a golden dragon
 11799 | D        | Noticed a quicksilver dragon
 11810 | D        | Killed a quicksilver dragon
 11929 | D        | Noticed a shadow dragon
 11937 | D        | Killed a shadow dragon
 11940 | D        | Received a gift from Trog
 11995 | D        | Noticed a shadow dragon
 12002 | D        | Killed a shadow dragon
 12004 | D        | Reached XP level 16. HP: 113/180 MP: 15/15
 12006 | D        | Noticed a titan
 12009 | D        | Killed a titan
 12216 | D        | Received a gift from Trog
 12240 | D        | Got a spiked plate armour
 12244 | D        | Killed a quicksilver dragon
 12277 | D        | Identified the +1 plate armour "Siojeuvil" {Regen+} (You acquired it in the Dungeon)
 12363 | D        | Received a gift from Trog
 12385 | D        | Got a faintly glowing ring mail
 12395 | D        | Got a silver rune of Zot
 12412 | D        | Received a gift from Trog
 12427 | D        | Identified the +1 ring mail of Dicyir {-Cast rElec Int+8 Stlth-} (You took it off a skeletal warrior in the Dungeon)
 12484 | D        | Killed Chuck
 12484 | D        | Reached skill level 27 in Fighting
 12484 | D        | Reached skill level 27 in Armour
 12548 | D        | Received a gift from Trog
 12579 | D        | Received a gift from Trog
 12587 | D        | Noticed a lich
 12593 | D        | Killed a lich
 12644 | D        | Noticed a sphinx
 12644 | D        | Noticed a sphinx
 12655 | D        | Killed a sphinx
 12655 | D        | Received a gift from Trog
 12659 | D        | Killed a sphinx
 12871 | D        | Reached skill level 27 in Dodging
 13174 | D        | Received a gift from Trog
 13179 | D        | Reached skill level 5 in Shields
 13309 | D        | Reached skill level 5 in Evocations
 13329 | D        | Noticed a greater mummy
 13329 | D        | Noticed a greater mummy
 13346 | D        | Received a gift from Trog
 13378 | D        | Killed a greater mummy
 13772 | D        | Killed a greater mummy
 13772 | D        | Received a gift from Trog
 13936 | D        | Got a golden rune of Zot
 14013 | D        | Got a pair of transparent gloves
 14024 | D        | Identified the +2 pair of gloves "Wealalif" {rN+} (You acquired it in the Dungeon)
 14036 | D        | Got a smoking iron amulet
 14037 | D        | Identified the amulet "Vicubobb" {Gourm Fragile rElec rC++ Int+2} (You acquired it in the Dungeon)
 14219 | D        | Reached skill level 10 in Evocations
 14228 | D        | Gained mutation: You are frail. (-10% HP) [a shining eye]
 14248 | D        | Noticed a Killer Klown
 14256 | D        | Killed a Killer Klown
 14256 | D        | Received a gift from Trog
 14380 | D        | Noticed an Orb Guardian
 14380 | D        | Noticed an Orb Guardian
 14386 | D        | Killed an Orb Guardian
 14389 | D        | Killed an Orb Guardian
 14389 | D        | Reached skill level 15 in Shields
 14397 | D        | Reached XP level 17. HP: 39/169 MP: 25/25
 14744 | D        | Noticed an ancient lich
 14758 | D        | Killed an ancient lich
 14758 | D        | Received a gift from Trog
 15108 | D        | Noticed Tiamat
 15137 | D        | Killed Tiamat
 15137 | D        | Reached skill level 15 in Evocations
 15360 | D        | Noticed an orb of fire
 15363 | D        | Gained mutation: You are clumsy. (Dex -2) [an orb of fire]
 15373 | D        | Gained mutation: You tend to lose your temper in combat. [mutagenic glow]
 15379 | D        | Gained mutation: You are weak. (Str -2) [an orb of fire]
 15387 | D        | Killed an orb of fire
 15453 | D        | Gained mutation: You are dopey. (Int -2) [mutagenic glow]
 15629 | D        | Lost mutation: You tend to lose your temper in combat. [potion of mutation]
 15629 | D        | Lost mutation: You are dopey. (Int -2) [potion of mutation]
 15629 | D        | Lost mutation: You are frail. (-10% HP) [potion of mutation]
 15629 | D        | Gained mutation: Your flesh is cold resistant. (rC+) [potion of mutation]
 15629 | D        | Gained mutation: Your movements are slightly less encumbered by armour. (ER -2) [potion of mutation]
 15629 | D        | Gained mutation: Your body sometimes deteriorates upon taking damage. [potion of mutation]
 15629 | D        | Gained mutation: You have an increased reservoir of magic. (+10% MP) [potion of mutation]
 15653 | D        | Gained mutation: You expend magic power (3 MP) to strengthen your wands. [mutagenic glow]
 15654 | D        | Noticed an Orb Guardian
 15657 | D        | Noticed an Orb Guardian
 15657 | D        | Noticed an Orb Guardian
 15714 | D        | Gained mutation: You do not regenerate when monsters are visible. [mutagenic glow]
 15764 | D        | Gained mutation: You are very clumsy. (Dex -4) [mutagenic glow]
 15770 | D        | Lost mutation: Your body sometimes deteriorates upon taking damage. [potion of mutation]
 15770 | D        | Lost mutation: Your movements are slightly less encumbered by armour. (ER -2) [potion of mutation]
 15770 | D        | Gained mutation: You have a pair of large horns on your head. [potion of mutation]
 15770 | D        | Lost mutation: You do not regenerate when monsters are visible. [potion of mutation]
 15770 | D        | Gained mutation: You have a considerably increased reservoir of magic. (+20% MP) [potion of mutation]
 15771 | D        | Got the Orb of Zot
 15804 | D        | Gained mutation: Armour fits poorly on your strangely shaped body. [mutagenic glow]
 15840 | D        | Lost mutation: You are weak. (Str -2) [the power of Zot]
 15841 | D        | Noticed Puasma the pandemonium lord
 15863 | D        | Gained mutation: Your body sometimes deteriorates upon taking damage. [mutagenic glow]
 15865 | D        | Noticed Pagiudar the pandemonium lord
 15869 | D        | Noticed a golden dragon
 15872 | D        | Gained mutation: You are frail. (-10% HP) [a neqoxec]
 15879 | D        | Slain by Pagiudar the pandemonium lord

Skill      XL: |  1  2  3  4  5  6  7  8  9 10 11 12 13 14 15 16 17 |
---------------+----------------------------------------------------+-----
Fighting       | 4 5 6 9 10 11 12 14 16 17 19 22 26 27 | 27.0
Axes           | 4 5 7 8 12 13 15 16 19 21 23 26 27 | 27.0
Armour         | 3 4 5 8 9 11 12 14 16 17 19 22 26 27 | 27.0
Dodging        | 3 4 5 8 10 11 13 14 16 18 21 24 27 | 27.0
Shields        | 16 21 | 21.0
Evocations     | 12 17 | 17.0

Action                   |  1- 3 |  4- 6 |  7- 9 | 10-12 | 13-15 | 16-18 || total
-------------------------+-------+-------+-------+-------+-------+-------++-------
Melee: Hand axe          |    32 |    13 |    52 |       |       |       ||    97
       Headbutt          |     7 |       |    19 |    45 |   129 |    65 ||   265
       Executioner's axe |       |       |    17 |    10 |    75 |   245 ||   347
       Battleaxe         |       |       |       |    86 |   328 |       ||   414
       Broad axe         |       |       |       |   141 |    22 |       ||   163
Invok: Berserk           |       |     2 |     4 |     2 |     2 |     1 ||    11
       Burn Spellbooks   |       |     1 |       |       |     1 |     2 ||     4
       Brothers in Arms  |       |       |     4 |     4 |    20 |    12 ||    40
       Trog's Hand       |       |       |       |       |     1 |       ||     1
 Abil: Evoke Flight      |       |       |       |       |       |     5 ||     5
Evoke: Wand              |       |       |       |       |    14 |     1 ||    15
  Use: Potion            |       |       |     1 |       |     2 |     5 ||     8
       Scroll            |       |       |       |     1 |     5 |    19 ||    25
 Stab: Distracted        |       |       |       |       |     3 |       ||     3
  Eat: Ration            |       |     1 |     1 |     3 |     8 |     4 ||    17
       Chunk             |       |       |     2 |     7 |     3 |     4 ||    16
Armor: Scale mail        |     6 |     1 |     3 |       |       |       ||    10
       Chain mail        |       |       |     4 |    77 |       |       ||    81
       Fire dragon scale |       |       |       |     2 |   184 |     1 ||   187
       Plate armour      |       |       |       |     2 |       |    73 ||    75
Dodge: Dodged            |    13 |     1 |    37 |   127 |   321 |   122 ||   621
Block: Shield            |       |       |       |       |     6 |       ||     6
